[Event "105th British-ch 2018"]
[Site "Hull"]
[Date "2018.07.28"]
[Round "1"]
[White "Ghasi, Ameet K"]
[Black "Rudd, Jack"]
[Result "0-1"]
[ECO "A05"]
[WhiteElo "2494"]
[BlackElo "2244"]
[Annotator "ChessBase"]
[PlyCount "86"]
[EventDate "2018.07.28"]
[EventType "swiss"]
[EventCountry "GBR"]
[SourceTitle "playchess.com"]
[Source "ChessBase"]
[SourceQuality "1"]
[TimeControl "40/5400+30:1800+30"]

1. Nf3 Nf6 2. g3 b5 3. Bg2 Bb7 4. d3 e6 5. O-O Be7 6. c4 bxc4 7. dxc4 O-O 8. Qc2 Be4 9. Qd2 c6 10. Nc3 d5 11. Nxe4 Nxe4 12. Qc2 Bf6 13. Nd2 Nxd2 14. Bxd2 Qb6 15. Rab1 Nd7 16. b3 g6 17. e4 Rac8 18. Be3 d4 19. Bd2 a5 20. Qd1 Be7 21. h4 Bb4 22. Bg5 Rfe8 23. Kh1 f6 24. Bh6 Ne5 25. Bf4 Rcd8 26. Bc1 h5 27. Bh3 d3 28. Be3 Bc5 29. Bxc5 Qxc5 30. f4 Nf7 31. Qd2 Rd4 32. Rbe1 Nd6 33. Bg2 f5 34. e5 Ne4 35. Bxe4 fxe4 36. Re3 a4 37. Rfe1 axb3 38. axb3 Rb8 39. Rxe4 Rxb3 40. Rxd4 Qxd4 41. f5 Qc3 42. Qf2 Rb2 43. Qe3 Qc2 0-1

[Event "105th British-ch 2018"]
[Site "Hull"]
[Date "2018.07.28"]
[Round "1"]
[White "Emms, John M"]
[Black "Moore, Graham J"]
[Result "1/2-1/2"]
[ECO "C07"]
[WhiteElo "2488"]
[BlackElo "2218"]
[Annotator "ChessBase"]
[PlyCount "80"]
[EventDate "2018.07.28"]
[EventType "swiss"]
[EventCountry "GBR"]
[SourceTitle "playchess.com"]
[Source "ChessBase"]
[SourceQuality "1"]
[TimeControl "40/5400+30:1800+30"]

1. e4 e6 2. d4 d5 3. Nd2 c5 4. exd5 Qxd5 5. Ngf3 cxd4 6. Bc4 Qd6 7. O-O Nf6 8. Nb3 Nc6 9. Nbxd4 Nxd4 10. Nxd4 a6 11. Re1 Qc7 12. Bd3 Bd6 13. h3 O-O 14. Bg5 Nd5 15. Qh5 g6 16. Qh4 Bh2+ 17. Kh1 Bf4 18. Be4 Bxg5 19. Qxg5 Nf4 20. Ne2 Nh5 21. Bf3 Ng7 22. Rad1 Bd7 23. Nc3 f6 24. Qh4 f5 25. Qb4 Rab8 26. Qd6 Qxd6 27. Rxd6 Be8 28. Kg1 Rf7 29. Red1 Rc7 30. Rd8 Rxd8 31. Rxd8 Kf7 32. a3 Bd7 33. g4 Ne8 34. gxf5 gxf5 35. Rb8 Nd6 36. Rh8 Kg7 37. Rd8 Nf7 38. Rb8 Nd6 39. Rd8 Nf7 40. Rb8 Nd6 1/2-1/2

[Event "105th British-ch 2018"]
[Site "Hull"]
[Date "2018.07.28"]
[Round "1"]
[White "Ward, Chris G"]
[Black "Payne, Matthew J"]
[Result "0-1"]
[ECO "E70"]
[WhiteElo "2434"]
[BlackElo "2113"]
[Annotator "NA"]
[PlyCount "116"]
[EventDate "2018.07.28"]
[EventType "swiss"]
[EventCountry "GBR"]
[SourceTitle "playchess.com"]
[Source "ChessBase"]
[SourceQuality "1"]
[TimeControl "40/5400+30:1800+30"]

1. d4 Nf6 2. c4 g6 3. Nc3 Bg7 4. e4 d6 5. Nge2 O-O 6. Ng3 e5 7. d5 a5 8. Be2 Na6 9. h4 h5 10. Bg5 Qe8 11. Qd2 Nh7 12. Bh6 Qe7 13. O-O-O Bxh6 14. Qxh6 Qf6 15. Bf3 Nc5 16. Qe3 Re8 17. Nge2 a4 18. Kb1 b6 19. Nb5 Re7 20. Nec3 Qg7 21. Ka1 f5 22. exf5 gxf5 23. Bxh5 f4 24. Qd2 Bf5 25. g4 Bd3 26. g5 e4 27. Na3 e3 28. fxe3 fxe3 29. Qg2 Rf8 30. Rhe1 Rf2 31. Qh3 Bf5 32. Qg3 Nd3 33. Rxe3 Rxe3 34. Qxe3 Nxb2 35. Rd2 Nd3 36. Rxd3 Bxd3 37. Qxd3 Nf8 38. Nab1 Qe5 39. Bg4 Rf4 40. Be6+ Kg7 41. Qg3 Rxc4 42. Qf3 Nxe6 43. dxe6 Qxe6 44. h5 b5 45. h6+ Kg6 46. Qf8 Qf7 47. Qh8 Rh4 48. Nxb5 Rh2 49. N5c3 Kxg5 50. Qg7+ Qg6 51. Qxc7 Kxh6 52. Qb8 Qf6 53. Qb4 Rh4 54. Qb6 Qd4 55. Qd8 Rh3 56. Qf8+ Kg5 57. Qe7+ Qf6 58. Qxf6+ Kxf6 0-1

[Event "105th British-ch 2018"]
[Site "Hull"]
[Date "2018.07.28"]
[Round "1"]
[White "Hebden, Mark L"]
[Black "Jarmany, John"]
[Result "1-0"]
[ECO "D12"]
[WhiteElo "2423"]
[BlackElo "2110"]
[Annotator "NA"]
[PlyCount "127"]
[EventDate "2018.07.28"]
[EventType "swiss"]
[EventCountry "GBR"]
[SourceTitle "playchess.com"]
[Source "ChessBase"]
[SourceQuality "1"]
[TimeControl "40/5400+30:1800+30"]

1. d4 d5 2. Nf3 Nf6 3. c4 c6 4. e3 Bf5 5. Nc3 e6 6. Nh4 Bg6 7. Be2 Nbd7 8. O-O Bd6 9. g3 Ne4 10. Qb3 Qc7 11. Nxg6 hxg6 12. Nxe4 dxe4 13. Bd2 c5 14. Kg2 g5 15. f3 Nf6 16. Qb5+ Ke7 17. dxc5 Bxc5 18. b4 Bd6 19. Bc3 Kf8 20. f4 gxf4 21. exf4 a6 22. Qg5 Rh6 23. Rad1 Rg6 24. Be5 Bxe5 25. Qxe5 Qb6 26. Qd6+ Qxd6 27. Rxd6 b5 28. Rc1 bxc4 29. Rxc4 Nd5 30. Rxe4 Nc3 31. Re5 Nxa2 32. Rb6 Nc3 33. Rxa6 Rxa6 34. Bxa6 Nd5 35. f5 Rg5 36. Bb7 Nxb4 37. Re4 Nd3 38. fxe6 fxe6 39. h4 Rg6 40. Bc8 Ke7 41. Re3 Nc5 42. Kh3 Kd6 43. Ra3 Rf6 44. Ba6 e5 45. Bc4 e4 46. h5 Ke5 47. Ra7 Kd4 48. Be2 Ne6 49. Bg4 e3 50. Rd7+ Ke5 51. Kg2 Ke4 52. Bxe6 Rxe6 53. Rxg7 e2 54. Kf2 Kf5 55. Ke1 Rh6 56. g4+ Kf6 57. Rg8 Kf7 58. Ra8 Re6 59. g5 Re5 60. g6+ Kf6 61. Rf8+ Kg7 62. Rf7+ Kh6 63. Rh7+ Kg5 64. g7 1-0

[Event "105th British-ch 2018"]
[Site "Hull"]
[Date "2018.07.28"]
[Round "1"]
[White "Arkell, Keith C"]
[Black "Krzyzanowski, Patryk"]
[Result "1-0"]
[ECO "E11"]
[WhiteElo "2406"]
[BlackElo "2087"]
[Annotator "NA"]
[PlyCount "123"]
[EventDate "2018.07.28"]
[EventType "swiss"]
[EventCountry "GBR"]
[SourceTitle "playchess.com"]
[Source "ChessBase"]
[SourceQuality "1"]
[TimeControl "40/5400+30:1800+30"]

1. d4 Nf6 2. Nf3 e6 3. c4 Bb4+ 4. Bd2 Qe7 5. g3 Ne4 6. Bg2 Nxd2 7. Nbxd2 c5 8. a3 Bxd2+ 9. Qxd2 d6 10. O-O e5 11. e3 e4 12. Ne1 O-O 13. b4 b6 14. Nd3 Ba6 15. b5 Bb7 16. Nf4 Nd7 17. Rfd1 g5 18. Nh5 Rad8 19. Qe2 f5 20. Rd2 cxd4 21. exd4 Qf7 22. g4 Nf6 23. Nxf6+ Qxf6 24. gxf5 Qxf5 25. d5 Qe5 26. Re1 Rf4 27. Qe3 Rh4 28. Qg3 Qxg3 29. hxg3 e3 30. Rxe3 Rxc4 31. Re7 Bc8 32. Rxa7 Rd7 33. Ra8 Kf7 34. Re2 Re7 35. Rxe7+ Kxe7 36. Rb8 Bd7 37. Rxb6 Ra4 38. Rb7 Kd8 39. b6 Rxa3 40. Rb8+ Ke7 41. Rh8 Rb3 42. Bh3 Bxh3 43. b7 Kf6 44. b8=Q Rxb8 45. Rxb8 Bf5 46. Re8 Kf7 47. Re1 Bc8 48. Rc1 Bf5 49. Rc6 Ke7 50. f3 Bb1 51. Kf2 h5 52. Ke3 h4 53. Rb6 Bf5 54. g4 Bc2 55. Rb2 Bd1 56. Rd2 Ba4 57. Kd4 Kf7 58. Ra2 Bd1 59. Ra1 Be2 60. Re1 Bb5 61. Re6 Kg7 62. Ke3 1-0

[Event "105th British-ch 2018"]
[Site "Hull"]
[Date "2018.07.28"]
[Round "1"]
[White "Trent, Lawrence"]
[Black "Anderton, David W"]
[Result "1-0"]
[ECO "C04"]
[WhiteElo "2406"]
[BlackElo "2084"]
[Annotator "NA"]
[PlyCount "71"]
[EventDate "2018.07.28"]
[EventType "swiss"]
[EventCountry "GBR"]
[SourceTitle "playchess.com"]
[Source "ChessBase"]
[SourceQuality "1"]
[TimeControl "40/5400+30:1800+30"]

1. e4 e6 2. d4 d5 3. Nd2 Nc6 4. Ngf3 Nf6 5. e5 Nd7 6. Nb3 Be7 7. Bf4 O-O 8. Bb5 a5 9. a4 Na7 10. Bd3 b6 11. h4 f5 12. Ng5 Bxg5 13. hxg5 g6 14. c4 Qe7 15. cxd5 exd5 16. O-O Qe6 17. Rc1 c6 18. Rc3 Bb7 19. Nc1 c5 20. Ne2 Nc6 21. Bb5 Rfd8 22. Be3 Qe7 23. Re1 Nxd4 24. Bxd4 cxd4 25. Rc7 Ba6 26. Nxd4 Bxb5 27. axb5 Rdc8 28. Qb3 Rxc7 29. Qxd5+ Kh8 30. Qxa8+ Qf8 31. Qxf8+ Nxf8 32. e6 Re7 33. Rc1 Nxe6 34. Re1 Nxd4 35. Rxe7 Nxb5 36. Rb7 1-0

[Event "105th British-ch 2018"]
[Site "Hull"]
[Date "2018.07.28"]
[Round "1"]
[White "Macklin, Paul"]
[Black "Pollack, Oscar"]
[Result "1/2-1/2"]
[ECO "B22"]
[WhiteElo "2363"]
[BlackElo "2064"]
[Annotator "NA"]
[PlyCount "55"]
[EventDate "2018.07.28"]
[EventType "swiss"]
[EventCountry "GBR"]
[SourceTitle "playchess.com"]
[Source "ChessBase"]
[SourceQuality "1"]
[TimeControl "40/5400+30:1800+30"]

1. e4 e6 2. d4 d5 3. Nd2 Nf6 4. Bd3 c5 5. c3 Nc6 6. Ngf3 cxd4 7. cxd4 dxe4 8. Nxe4 Bb4+ 9. Nc3 O-O 10. O-O b6 11. Ne4 Nd5 12. a3 Be7 13. Re1 Bb7 14. Bb1 Qc7 15. Qd3 g6 16. Bh6 Rfd8 17. Ba2 Bf8 18. Bxf8 Kxf8 19. Bxd5 Rxd5 20. Nf6 Rf5 21. Nxh7+ Kg7 22. Nhg5 Rh8 23. h4 Ne7 24. Rac1 Qf4 25. d5 Nxd5 26. Rc4 Qb8 27. Qd4+ Kg8 28. g3 1/2-1/2

[Event "105th British-ch 2018"]
[Site "Hull"]
[Date "2018.07.28"]
[Round "1"]
[White "Bradbury, Neil H"]
[Black "Thurlow, Kevin J"]
[Result "1-0"]
[ECO "E12"]
[WhiteElo "2348"]
[BlackElo "2030"]
[Annotator "NA"]
[PlyCount "43"]
[EventDate "2018.07.28"]
[EventType "swiss"]
[EventCountry "GBR"]
[SourceTitle "playchess.com"]
[Source "ChessBase"]
[SourceQuality "1"]
[TimeControl "40/5400+30:1800+30"]

1. d4 Nf6 2. c4 e6 3. Nf3 b6 4. a3 Bb7 5. Nc3 d5 6. cxd5 exd5 7. g3 Be7 8. Bg2 O-O 9. O-O Nbd7 10. b4 Ne4 11. Nxe4 dxe4 12. Nd2 f5 13. Bb2 Bd5 14. Rc1 c5 15. dxc5 bxc5 16. Nb3 Bxb3 17. Qxb3+ Kh8 18. Rfd1 Qc7 19. Qe6 Nf6 20. Be5 Qb7 21. bxc5 Rae8 22. Qxf5 1-0

[Event "105th British-ch 2018"]
[Site "Hull"]
[Date "2018.07.28"]
[Round "1"]
[White "Webb, Laurence E"]
[Black "Burke, Mitchell R"]
[Result "1-0"]
[ECO "E91"]
[WhiteElo "2306"]
[BlackElo "1988"]
[Annotator "NA"]
[PlyCount "53"]
[EventDate "2018.07.28"]
[EventType "swiss"]
[EventCountry "GBR"]
[SourceTitle "playchess.com"]
[Source "ChessBase"]
[SourceQuality "1"]
[TimeControl "40/5400+30:1800+30"]

1. d4 Nf6 2. c4 g6 3. Nc3 Bg7 4. e4 d6 5. Nf3 O-O 6. Be2 a6 7. O-O Bg4 8. Be3 Nfd7 9. Ne1 Bxe2 10. Qxe2 c5 11. d5 b5 12. cxb5 Qa5 13. Bd2 axb5 14. Nxb5 Qb6 15. Bc3 Na6 16. Nc2 Rfb8 17. a4 Nc7 18. Nxc7 Qxc7 19. Ne3 Rb3 20. Qc2 Rab8 21. Nc4 Bxc3 22. bxc3 Qb7 23. Na5 Rb2 24. Qc1 Qa6 25. Nc6 R8b3 26. Nxe7+ Kh8 27. Qf4 1-0

[Event "105th British-ch 2018"]
[Site "Hull"]
[Date "2018.07.28"]
[Round "1"]
[White "Muir, Andrew J"]
[Black "De Coverly, Roger D"]
[Result "1-0"]
[ECO "A65"]
[WhiteElo "2291"]
[BlackElo "1920"]
[Annotator "NA"]
[PlyCount "95"]
[EventDate "2018.07.28"]
[EventType "swiss"]
[EventCountry "GBR"]
[SourceTitle "playchess.com"]
[Source "ChessBase"]
[SourceQuality "1"]
[TimeControl "40/5400+30:1800+30"]

1. d4 Nf6 2. c4 g6 3. Nc3 Bg7 4. e4 d6 5. Nge2 O-O 6. Ng3 c5 7. d5 e6 8. Be2 exd5 9. cxd5 Nbd7 10. O-O a6 11. a4 b6 12. Bg5 h6 13. Be3 Ne5 14. h3 h5 15. Bg5 Re8 16. Qd2 Bb7 17. Rad1 Qc7 18. Kh1 Nh7 19. Bh4 f6 20. f4 Nf7 21. Kh2 Rf8 22. Nh1 Rae8 23. Bg3 Bc8 24. Nf2 Bh6 25. Kh1 Qb7 26. Qd3 Bg7 27. f5 gxf5 28. Bxh5 Ne5 29. Bxe5 Rxe5 30. Bg6 Ng5 31. exf5 Bd7 32. Ng4 Re7 33. Qg3 Qb8 34. Rfe1 Rxe1+ 35. Rxe1 Be8 36. h4 Nf7 37. Bxf7+ Bxf7 38. Nh6+ Kh8 39. Nxf7+ Rxf7 40. Re6 c4 41. Qxd6 Qxd6 42. Rxd6 Rb7 43. Rd8+ Kh7 44. d6 b5 45. d7 b4 46. Rh8+ Bxh8 47. d8=Q bxc3 48. bxc3 1-0

[Event "105th British-ch 2018"]
[Site "Hull"]
[Date "2018.07.28"]
[Round "1"]
[White "Toma, Katarzyna"]
[Black "Hawkins, Jonathan"]
[Result "0-1"]
[ECO "B12"]
[WhiteElo "2274"]
[BlackElo "2590"]
[Annotator "ChessBase"]
[PlyCount "50"]
[EventDate "2018.07.28"]
[EventType "swiss"]
[EventCountry "GBR"]
[SourceTitle "playchess.com"]
[Source "ChessBase"]
[SourceQuality "1"]
[TimeControl "40/5400+30:1800+30"]

1. e4 c6 2. d4 d5 3. e5 c5 4. dxc5 Nc6 5. a3 Nxe5 6. b4 g6 7. Bb5+ Nc6 8. Bb2 Nf6 9. c4 Be6 10. Nf3 Bg7 11. Nd4 Bd7 12. O-O O-O 13. Re1 a5 14. Bxc6 bxc6 15. Nd2 Qb8 16. Rxe7 axb4 17. a4 Re8 18. Rxe8+ Qxe8 19. Qb3 Ne4 20. Nxe4 Qxe4 21. Nf3 Qxc4 22. Qxc4 dxc4 23. Bxg7 Kxg7 24. Kf1 b3 25. Ke2 Bf5 0-1

[Event "105th British-ch 2018"]
[Site "Hull"]
[Date "2018.07.28"]
[Round "1"]
[White "McMichael, Richard J"]
[Black "Fodor, Tamas Jr"]
[Result "0-1"]
[ECO "A01"]
[WhiteElo "2245"]
[BlackElo "2506"]
[Annotator "ChessBase"]
[PlyCount "114"]
[EventDate "2018.07.28"]
[EventType "swiss"]
[EventCountry "GBR"]
[SourceTitle "playchess.com"]
[Source "ChessBase"]
[SourceQuality "1"]
[TimeControl "40/5400+30:1800+30"]

1. b3 e5 2. Bb2 Nc6 3. e3 Nf6 4. Bb5 Bd6 5. Na3 Na5 6. Be2 c6 7. c4 O-O 8. Nc2 c5 9. d3 Nc6 10. Nf3 Bc7 11. e4 a6 12. O-O b5 13. Ne3 b4 14. Qd2 a5 15. Bd1 d6 16. Ne1 Nd4 17. f4 Bd7 18. fxe5 dxe5 19. Nf3 a4 20. bxa4 Bxa4 21. Nxd4 exd4 22. Nf5 g6 23. Nh6+ Kg7 24. Be2 Nd7 25. g3 Bc6 26. Rf2 f6 27. Bc1 Qe7 28. Ng4 Kh8 29. Nh6 Ra6 30. Bd1 Bb7 31. Bb2 Rfa8 32. Bb3 Ne5 33. Raf1 Bc8 34. h4 Bh3 35. Re1 Bd7 36. Bc1 Kg7 37. Qe2 R8a7 38. Kg2 Qe6 39. Rh1 Bc6 40. Re1 Ba4 41. Ref1 Bxb3 42. axb3 Ra2 43. Bd2 Bd8 44. h5 Rb2 45. hxg6 hxg6 46. Rh1 Raa2 47. Nf5+ Kg8 48. Nh6+ Kf8 49. Rd1 Ke8 50. Qf1 Rxb3 51. Bf4 Rxf2+ 52. Kxf2 Rb2+ 53. Kg1 Ra2 54. Rd2 Rxd2 55. Bxd2 b3 56. Kg2 Nxc4 57. dxc4 Qxe4+ 0-1

[Event "105th British-ch 2018"]
[Site "Hull"]
[Date "2018.07.28"]
[Round "1"]
[White "Wall, Tim P"]
[Black "Adair, James R"]
[Result "0-1"]
[ECO "B21"]
[WhiteElo "2234"]
[BlackElo "2492"]
[Annotator "ChessBase"]
[PlyCount "48"]
[EventDate "2018.07.28"]
[EventType "swiss"]
[EventCountry "GBR"]
[SourceTitle "playchess.com"]
[Source "ChessBase"]
[SourceQuality "1"]
[TimeControl "40/5400+30:1800+30"]

1. e4 c5 2. d4 cxd4 3. c3 dxc3 4. Nxc3 Nc6 5. Nf3 e6 6. Bc4 a6 7. O-O b5 8. Bb3 Bb7 9. Re1 Bc5 10. Bg5 Be7 11. Bf4 Na5 12. Bd5 exd5 13. exd5 Kf8 14. d6 Bf6 15. Nd5 Bxd5 16. Qxd5 Nc6 17. Re2 g6 18. Rae1 h5 19. Ng5 Bxg5 20. Bxg5 f6 21. Re7 Ngxe7 22. dxe7+ Nxe7 23. Qd6 Rh7 24. Bxf6 Rc8 0-1

[Event "105th British-ch 2018"]
[Site "Hull"]
[Date "2018.07.28"]
[Round "1"]
[White "Tozer, Philip Aa"]
[Black "Tan, Justin Hy"]
[Result "0-1"]
[ECO "A37"]
[WhiteElo "2142"]
[BlackElo "2481"]
[Annotator "ChessBase"]
[PlyCount "74"]
[EventDate "2018.07.28"]
[EventType "swiss"]
[EventCountry "GBR"]
[SourceTitle "playchess.com"]
[Source "ChessBase"]
[SourceQuality "1"]
[TimeControl "40/5400+30:1800+30"]

1. c4 c5 2. g3 Nc6 3. Bg2 g6 4. Nc3 Bg7 5. Nf3 d6 6. O-O e6 7. d3 Nge7 8. Bg5 h6 9. Bd2 b6 10. Qc1 Bb7 11. a3 Qd7 12. Rb1 g5 13. b4 Ng6 14. h3 f5 15. e3 Bf6 16. Qc2 h5 17. Nh2 g4 18. h4 Bxh4 19. gxh4 Nxh4 20. Bxc6 Bxc6 21. e4 Qg7 22. Kh1 O-O 23. Qc1 Kh7 24. Bg5 Ng6 25. f4 g3 26. Rg1 gxh2 27. Kxh2 Rh8 28. Rb2 Qd4 29. Rbg2 Raf8 30. Qd1 Be8 31. Ne2 Qg7 32. Ng3 h4 33. Nh5 Qd4 34. Be7 Nxe7 35. Rg7+ Kh6 36. Qe1 Bxh5 37. Rxe7 Qf6 0-1

[Event "105th British-ch 2018"]
[Site "Hull"]
[Date "2018.07.28"]
[Round "1"]
[White "Longson, Sarah N"]
[Black "Fernandez, Daniel Howard"]
[Result "0-1"]
[ECO "B06"]
[WhiteElo "2123"]
[BlackElo "2477"]
[Annotator "ChessBase"]
[PlyCount "78"]
[EventDate "2018.07.28"]
[EventType "swiss"]
[EventCountry "GBR"]
[SourceTitle "playchess.com"]
[Source "ChessBase"]
[SourceQuality "1"]
[TimeControl "40/5400+30:1800+30"]

1. e4 g6 2. d4 Bg7 3. Nf3 d6 4. Bc4 e6 5. Qe2 Ne7 6. Bb3 h6 7. c3 b6 8. Nbd2 Ba6 9. Bc4 Bb7 10. O-O a6 11. Bb3 Nd7 12. Re1 O-O 13. Nf1 c5 14. Ng3 b5 15. Bf4 cxd4 16. cxd4 Qb6 17. Qd2 Kh7 18. h4 Nf6 19. Bc2 Rac8 20. Bd3 Ng4 21. a4 e5 22. dxe5 dxe5 23. Be3 Nxe3 24. Qxe3 Qxe3 25. Rxe3 b4 26. h5 Rfd8 27. Ne1 Bf6 28. Rf3 Kg7 29. hxg6 fxg6 30. Nf1 Nc6 31. Ne3 Nd4 32. Rg3 Nb3 33. Rd1 Bg5 34. N1c2 a5 35. f3 Nd4 36. Kf1 Nxc2 37. Nxc2 Rxd3 38. Rxd3 Ba6 39. Ne1 Bh4 0-1

[Event "105th British-ch 2018"]
[Site "Hull"]
[Date "2018.07.28"]
[Round "1"]
[White "Waddington, Mike P"]
[Black "Wells, Peter K"]
[Result "0-1"]
[ECO "B23"]
[WhiteElo "2110"]
[BlackElo "2426"]
[Annotator "NA"]
[PlyCount "88"]
[EventDate "2018.07.28"]
[EventType "swiss"]
[EventCountry "GBR"]
[SourceTitle "playchess.com"]
[Source "ChessBase"]
[SourceQuality "1"]
[TimeControl "40/5400+30:1800+30"]

1. Nc3 c5 2. e4 a6 3. a4 Nc6 4. f4 g6 5. Nf3 Bg7 6. Bc4 e6 7. O-O Nge7 8. d3 d5 9. Bb3 O-O 10. e5 f6 11. exf6 Bxf6 12. Ne2 Bd7 13. c3 b5 14. Ng3 b4 15. d4 bxc3 16. bxc3 Qa5 17. Ra3 cxd4 18. cxd4 Qb4 19. Bb2 Rab8 20. Rf2 Rfc8 21. Ne5 Nxe5 22. dxe5 Bh4 23. Ba2 Nf5 24. Bxd5 exd5 25. Qxd5+ Kf8 26. Qxd7 Rd8 27. Qxh7 Rd1+ 28. Rf1 Qc5+ 29. Kh1 Nxg3+ 30. hxg3 Rxf1+ 31. Kh2 Bxg3+ 32. Kxg3 Qf2+ 33. Kh2 Qg1+ 34. Kg3 Qf2+ 35. Kh2 Qxf4+ 36. Rg3 Rxb2 37. Qh8+ Ke7 38. Qh7+ Kd8 39. Qh8+ Kc7 40. Qh7+ Kb8 41. Qxg6 Qxe5 42. Qg8+ Ka7 43. Qh7+ Rb7 44. Qd3 Rg7 0-1

[Event "105th British-ch 2018"]
[Site "Hull"]
[Date "2018.07.28"]
[Round "1"]
[White "Sugden, John N"]
[Black "Palliser, Richard Jd"]
[Result "1/2-1/2"]
[ECO "A43"]
[WhiteElo "2090"]
[BlackElo "2418"]
[Annotator "NA"]
[PlyCount "140"]
[EventDate "2018.07.28"]
[EventType "swiss"]
[EventCountry "GBR"]
[SourceTitle "playchess.com"]
[Source "ChessBase"]
[SourceQuality "1"]
[TimeControl "40/5400+30:1800+30"]

1. e4 g6 2. d4 Bg7 3. c4 c5 4. d5 d6 5. Nc3 a6 6. a4 e6 7. Bd3 Ne7 8. Nf3 exd5 9. cxd5 O-O 10. O-O Bg4 11. h3 Bxf3 12. Qxf3 Nd7 13. Qd1 h6 14. f4 f5 15. exf5 Nxf5 16. Bxf5 gxf5 17. Qd3 Qb6 18. a5 c4+ 19. Qe3 Qxe3+ 20. Bxe3 Rae8 21. Bf2 Bxc3 22. bxc3 Nf6 23. Ra4 Re4 24. Bd4 Nxd5 25. Rxc4 Nxc3 26. Rxc3 Rxd4 27. Rc7 Rf7 28. Rxf7 Kxf7 29. Rb1 Ke6 30. Rxb7 Rxf4 31. Rb6 Ra4 32. Rxa6 h5 33. Kf2 h4 34. Ra8 Kd5 35. a6 Kc6 36. a7 Kb7 37. Rf8 Kxa7 38. Rxf5 Kb6 39. Rh5 Kc6 40. g4 hxg3+ 41. Kxg3 d5 42. Kf3 Kc5 43. Ke2 Kc4 44. Rg5 Ra3 45. h4 d4 46. h5 Ra2+ 47. Kd1 Kc3 48. Rc5+ Kd3 49. Kc1 Rh2 50. Rg5 Rh3 51. Re5 Rh1+ 52. Kb2 Kd2 53. Rg5 Rh2 54. Kb3 d3 55. h6 Rxh6 56. Rg2+ Ke3 57. Rg3+ Ke2 58. Rg2+ Kf3 59. Ra2 Rd6 60. Kc3 Ke3 61. Rh2 Rc6+ 62. Kb2 Re6 63. Kc1 Rf6 64. Rh3+ Ke2 65. Rh2+ Ke3 66. Rh3+ Kd4 67. Rh8 Rc6+ 68. Kd2 Rc2+ 69. Kd1 Rc5 70. Kd2 Rc2+ 1/2-1/2

[Event "105th British-ch 2018"]
[Site "Hull"]
[Date "2018.07.28"]
[Round "1"]
[White "Price, Gwilym"]
[Black "Houska, Jovanka"]
[Result "1-0"]
[ECO "B12"]
[WhiteElo "2085"]
[BlackElo "2406"]
[Annotator "NA"]
[PlyCount "83"]
[EventDate "2018.07.28"]
[EventType "swiss"]
[EventCountry "GBR"]
[SourceTitle "playchess.com"]
[Source "ChessBase"]
[SourceQuality "1"]
[TimeControl "40/5400+30:1800+30"]

1. e4 c6 2. d4 d5 3. e5 Bf5 4. h4 c5 5. dxc5 Nc6 6. Nf3 e6 7. Be3 Nh6 8. c3 Ng4 9. Bd4 Be7 10. b4 f6 11. Bb5 fxe5 12. Nxe5 Ngxe5 13. Bxe5 O-O 14. Bxc6 Bxh4 15. g3 Bf6 16. Bxf6 Qxf6 17. Bxb7 Bxb1 18. Qd4 Qf3 19. Rh2 Bd3 20. Qe3 Qxe3+ 21. fxe3 Rab8 22. Kd2 Rxb7 23. Kxd3 Rf3 24. Rg2 Kf7 25. a4 a6 26. Rb1 Rc7 27. Kd4 e5+ 28. Kxd5 Rxe3 29. Kd6 Re7 30. b5 Rd3+ 31. Kc6 Re6+ 32. Kc7 axb5 33. axb5 Rxc3 34. c6 e4 35. Rd2 e3 36. Rd6 e2 37. Re1 Re5 38. b6 Rf3 39. b7 Rf1 40. Rxe2 Rxe2 41. b8=Q Re7+ 42. Rd7 {[%emt 0:00:05] Ke8 [%emt 00:00:45]} 1-0

[Event "105th British-ch 2018"]
[Site "Hull"]
[Date "2018.07.28"]
[Round "1"]
[White "Verma, Aditya"]
[Black "McPhillips, Joseph"]
[Result "0-1"]
[ECO "C01"]
[WhiteElo "2084"]
[BlackElo "2402"]
[Annotator "NA"]
[PlyCount "70"]
[EventDate "2018.07.28"]
[EventType "swiss"]
[EventCountry "GBR"]
[SourceTitle "playchess.com"]
[Source "ChessBase"]
[SourceQuality "1"]
[TimeControl "40/5400+30:1800+30"]

1. e4 e6 2. d4 d5 3. exd5 exd5 4. Bf4 Ne7 5. Nf3 Ng6 6. Bg3 Bd6 7. Be2 O-O 8. O-O Nf4 9. Bxf4 Bxf4 10. Nbd2 Nc6 11. c3 Ne7 12. Re1 Ng6 13. Bd3 c6 14. Qc2 Qf6 15. g3 Bd6 16. Re3 c5 17. Rae1 c4 18. Bf1 Bf5 19. Qd1 Qd8 20. Bg2 b5 21. h4 Bg4 22. Qc2 Qd7 23. Ng5 Bf5 24. Qc1 Ne7 25. Ndf3 Nc6 26. Nd2 h6 27. Ngf3 b4 28. Nh2 bxc3 29. bxc3 Ne7 30. Nhf3 Rab8 31. Ne5 Qa4 32. g4 Be6 33. g5 Nf5 34. gxh6 Ba3 35. Qa1 Bb2 0-1

[Event "105th British-ch 2018"]
[Site "Hull"]
[Date "2018.07.28"]
[Round "1"]
[White "Jamroz, Krzysztof"]
[Black "Murphy, Conor E"]
[Result "1/2-1/2"]
[ECO "B92"]
[WhiteElo "2026"]
[BlackElo "2336"]
[Annotator "NA"]
[PlyCount "104"]
[EventDate "2018.07.28"]
[EventType "swiss"]
[EventCountry "GBR"]
[SourceTitle "playchess.com"]
[Source "ChessBase"]
[SourceQuality "1"]
[TimeControl "40/5400+30:1800+30"]

1. e4 c5 2. Nf3 d6 3. d4 cxd4 4. Nxd4 Nf6 5. Nc3 a6 6. Be2 e5 7. Nb3 Be7 8. Be3 Be6 9. O-O O-O 10. f4 exf4 11. Bxf4 Nc6 12. Qe1 Nd7 13. Rd1 Nde5 14. Kh1 Rc8 15. Nd5 Bg5 16. Qd2 h6 17. c3 Re8 18. Bxg5 Qxg5 19. Qxg5 hxg5 20. Ne3 Rcd8 21. Rd2 Rd7 22. Rfd1 Red8 23. c4 g6 24. Nd5 Bxd5 25. exd5 Ne7 26. Nd4 Kg7 27. Rf1 Rh8 28. Nf3 Nxf3 29. Rxf3 Nf5 30. Rc3 Rc7 31. Kg1 Rh4 32. g3 Rh8 33. Rb3 Rd8 34. a4 Ne7 35. a5 Ng8 36. Rb6 Nf6 37. Rd4 Ne8 38. b4 Re7 39. Kf2 f5 40. c5 dxc5 41. bxc5 Rc7 42. c6 bxc6 43. Bxa6 cxd5 44. Bb7 Nd6 45. Rxd5 Nxb7 46. Rxb7 Rxb7 47. Rxd8 Rb2+ 48. Kg1 Ra2 49. Ra8 f4 50. g4 f3 51. h3 Rg2+ 52. Kf1 Ra2 1/2-1/2

[Event "105th British-ch 2018"]
[Site "Hull"]
[Date "2018.07.28"]
[Round "1"]
[White "Miller, Dominic"]
[Black "Derakhshani, Borna"]
[Result "0-1"]
[ECO "B19"]
[WhiteElo "2017"]
[BlackElo "2315"]
[Annotator "NA"]
[PlyCount "52"]
[EventDate "2018.07.28"]
[EventType "swiss"]
[EventCountry "GBR"]
[SourceTitle "playchess.com"]
[Source "ChessBase"]
[SourceQuality "1"]
[TimeControl "40/5400+30:1800+30"]

1. e4 c6 2. d4 d5 3. Nd2 dxe4 4. Nxe4 Bf5 5. Ng3 Bg6 6. h4 h6 7. Nf3 Nd7 8. h5 Bh7 9. Bd3 Bxd3 10. Qxd3 e6 11. Bd2 Ngf6 12. O-O-O Be7 13. Kb1 Qb6 14. Rhe1 O-O 15. Nf5 exf5 16. Rxe7 Qd8 17. Re2 Ne4 18. Be1 Re8 19. g3 Qe7 20. Ka1 Rad8 21. Nh4 Qg5 22. Qf3 Qg4 23. Qxg4 fxg4 24. Bb4 Ndf6 25. Nf5 c5 26. Ba3 Re5 0-1

[Event "105th British-ch 2018"]
[Site "Hull"]
[Date "2018.07.28"]
[Round "1"]
[White "Young, Daniel J"]
[Black "Kolbus, Dietmar"]
[Result "1/2-1/2"]
[ECO "B12"]
[WhiteElo "1962"]
[BlackElo "2303"]
[Annotator "NA"]
[PlyCount "81"]
[EventDate "2018.07.28"]
[EventType "swiss"]
[EventCountry "GBR"]
[SourceTitle "playchess.com"]
[Source "ChessBase"]
[SourceQuality "1"]
[TimeControl "40/5400+30:1800+30"]

1. e4 c6 2. d4 d5 3. e5 Bf5 4. Nf3 e6 5. Be2 Nd7 6. O-O h6 7. Nbd2 Bh7 8. Nb3 Ne7 9. a4 a5 10. c3 Qc7 11. Bd2 Nc8 12. Ne1 Be7 13. Bd3 O-O 14. Qg4 f5 15. exf6 Rxf6 16. Bxh7+ Kxh7 17. Nd3 e5 18. Nxe5 Nxe5 19. dxe5 Qxe5 20. Rae1 Qf5 21. Qxf5+ Rxf5 22. Be3 Bf8 23. Bc5 Bxc5 24. Nxc5 b6 25. Ne6 Ra7 26. Nd4 Rf6 27. Re8 Ne7 28. Re1 Nf5 29. Nxf5 Rxf5 30. Rb8 d4 31. cxd4 b5 32. axb5 Rxb5 33. Rxb5 cxb5 34. Re5 Rd7 35. Rxb5 Rxd4 36. g3 Rd1+ 37. Kg2 a4 38. Ra5 Rd2 39. Rxa4 Rxb2 40. h4 h5 41. Ra5 1/2-1/2